 Dungeon Crawl Stone Soup version 0.29-a0-284-gf9362112df (webtiles) character file.

Game seed: 450295459473269880

630 bande the Chopper (level 7, 0/44 HPs)
             Began as a Gargoyle Fighter on Mar 28, 2022.
             Was an Initiate of Okawaru.
             Slain by a killer bee (6 damage)
             ... on level 4 of the Dungeon.
             The game lasted 00:08:42 (3922 turns).

bande the Chopper (Gargoyle Fighter)                Turns: 3922, Time: 00:08:43

Health: 0/44       AC: 13    Str: 19    XL:     7   Next: 48%
Magic:  7/7        EV: 13    Int:  9    God:    Okawaru [......]
Gold:   175        SH:  4    Dex: 11    Spells: 6/6 levels left

rFire   . . .      SeeInvis .   a - +0 war axe (vamp)
rCold   . . .      Faith    .   c - +0 buckler
rNeg    + . .      Spirit   .   b - +0 scale mail
rPois   ∞          Reflect  .   (no helmet)
rElec   +          Harm     .   (no cloak)
rCorr   .          Rampage  .   (no gloves)
Will    +....                   e - +0 pair of boots
Stlth   ..........              (no amulet)
HPRegen 0.14/turn               s - ring of willpower
MPRegen 0.10/turn               o - +4 ring of evasion

@: no status effects
A: sickness immunity, AC +4, negative energy resistance 1, electricity
resistance, torment resistance 1, petrification resistance
a: Renounce Religion


You were on level 4 of the Dungeon.
You worshipped Okawaru.
Okawaru was noncommittal.
You visited 1 branch of the dungeon, and saw 5 of its levels.

You collected 175 gold pieces.

Inventory:

Hand Weapons
 a - a +0 vampiric war axe (weapon)
 u - a +0 flail
Armour
 b - a +0 scale mail (worn)
 c - a +0 buckler (worn)
 e - a +0 pair of boots (worn)
Jewellery
 f - a ring of fire
 l - a ring of protection from fire
 o - a +4 ring of evasion (right hand)
 s - a ring of willpower (left hand)
Wands
 g - a wand of flame (13)
Scrolls
 h - 2 scrolls of teleportation
 p - a scroll of blinking
Potions
 d - 3 potions of might
 i - a potion of invisibility
 j - a potion of heal wounds
 k - 3 potions of haste
 m - 2 potions of curing
 n - 3 potions of mutation {unknown}
 r - a potion of lignification {unknown}


   Skills:
 + Level 4.6 Fighting
 + Level 5.1 Axes
 + Level 4.7 Armour
 + Level 4.1 Shields
 * Level 1.0 Invocations
 * Level 2.1 Evocations


You had 6 spell levels left.
You didn't know any spells.
Your spell library contained the following spells:

 Spells                   Type           Power      Damage    Failure   Level
 Ensorcelled Hibernation  Hex/Ice        0%         N/A       92%         2
 Spider Form              Tmut/Pois      0%         N/A       99%         3
 Anguish                  Hex/Necr       0%         N/A       100%        4


Dungeon Overview and Level Annotations

Branches:
Dungeon (5/15)
 Temple: D:4-7

Altars:
Okawaru
Sif Muna
Uskayaw


Innate Abilities, Weirdness & Mutations

You are immune to sickness and miasma.
Your stone body is resilient. (AC +4)
You are immune to poison.
You resist negative energy. (rN+)
You are resistant to electric shocks. (rElec)
You are resistant to unholy torment.
You are immune to petrification.


Message History

The killer bee misses you.
The killer bee stings you but does no damage.
The killer bee stings you.
You closely miss the killer bee.
The killer bee is lightly wounded.
The killer bee stings you but does no damage.
The killer bee closely misses you.
You slash the killer bee!
The killer bee is heavily wounded.
The killer bee barely misses you.
The killer bee stings you but does no damage. x2
You closely miss the killer bee.
The killer bee is heavily wounded.
The killer bee stings you but does no damage.
The killer bee stings you. The killer bee closely misses you.
You closely miss the killer bee.
The killer bee is heavily wounded.
The killer bee stings you but does no damage. x2
You hit the killer bee.
The killer bee is severely wounded.
The killer bee barely misses you. You block the killer bee's attack.
You closely miss the killer bee.
The killer bee is severely wounded.
The killer bee stings you but does no damage.
You block the killer bee's attack. The killer bee closely misses you.
You miss the killer bee.
The killer bee is severely wounded.
You block the killer bee's attack. The killer bee closely misses you.
The killer bee stings you.
You hit the killer bee but do no damage.
The killer bee is severely wounded.
The killer bee stings you. You block the killer bee's attack.
You closely miss the killer bee.
The killer bee is severely wounded.
The killer bee stings you!
* * * LOW HITPOINT WARNING * * *
The killer bee stings you.
* * * LOW HITPOINT WARNING * * *
The killer bee stings you.
You die...

####
######################
....
.....................#
####
........###########.##
..> #####..........
#.# ##. #.#.########
#.# #..........# #.#
#...######.# #.#
#...######.# #.#
#...@yyy...# #.#
#..######..# #.# #..
#.# #.. #.# ... #.#
#### #.# #.# #.# #.#


You could see 3 killer bees.

Vanquished Creatures
  An ogre (D:5)
  3 scorpions
  A killer bee (D:4)
  A hound (D:5)
  3 jellies (D:5)
  2 orc priests (D:3)
  An iguana (D:4)
  3 adders (D:2)
  3 gnolls (D:3)
  2 worms
  A dart slug (D:1)
  2 orcs (D:3)
  5 ball pythons (D:1)
  7 endoplasms
  3 giant cockroaches (D:1)
  8 goblins
  3 hobgoblins
  2 jackals (D:2)
  4 quokkas
  4 bats
  6 frilled lizards
  6 kobolds
  7 rats
78 creatures vanquished.

Vanquished Creatures (others)
  2 plants (D:1)
2 creatures vanquished.

Grand Total: 80 creatures vanquished

Notes
Turn   | Place    | Note
-------+----------+-------------------------------------------
     0 | D:1      | bande the Gargoyle Fighter began the quest for the Orb.
     0 | D:1      | Reached XP level 1. HP: 14/14 MP: 1/1
   245 | D:1      | Reached XP level 2. HP: 19/19 MP: 2/2
   543 | D:1      | Reached skill level 2 in Axes
   650 | D:1      | Reached XP level 3. HP: 22/24 MP: 3/3
   744 | D:1      | Found a faded altar of an unknown god.
  1612 | D:2      | Found a hide-covered altar of Uskayaw.
  1667 | D:2      | Reached XP level 4. HP: 26/29 MP: 4/4
  2566 | D:3      | Reached skill level 3 in Axes
  2585 | D:3      | You fall into a shaft and drop 2 floors!
  2585 | D:5      | Entered Level 5 of the Dungeon
  2592 | D:5      | Reached XP level 5. HP: 25/33 MP: 5/5
  2665 | D:5      | Noticed an ogre
  2670 | D:5      | Killed an ogre
  2760 | D:5      | Reached skill level 4 in Axes
  2760 | D:5      | Reached skill level 1 in Evocations
  2760 | D:5      | Reached XP level 6. HP: 38/38 MP: 6/6
  3114 | D:3      | Reached XP level 7. HP: 36/44 MP: 7/7
  3355 | D:3      | Found a shimmering blue altar of Sif Muna.
  3359 | D:3      | Found an iron altar of Okawaru.
  3363 | D:3      | Became a worshipper of Warmaster Okawaru
  3781 | D:4      | Reached skill level 5 in Axes
  3911 | D:4      | Reached skill level 1 in Invocations
  3922 | D:4      | Slain by a killer bee

Illustrated notes

Levels and vault maps discovered:
D:1:      evilmike_arrival_crescent, layout_basic,
          dreamdust_ecumenical_altar_grove
D:2:      layout_basic, basic_altar
D:3:      layout_rooms, minitemple, kennysheep_generic_room_8
D:4:      wander_river, layout_basic, minmay_misc_feat_room
D:5:      layout_basic, uniq_sigmund

Skill      XL: |  1  2  3  4  5  6  7 |
---------------+----------------------+-----
Axes           | 2 3 4 5 |  5.1
Armour         | 4 |  4.7
Fighting       | 4 |  4.6
Evocations     | 1 2 |  2.1
Shields        | 4 |  4.1
Invocations    | 1 |  1.0

Action                   |  1- 3 |  4- 6 |  7- 9 || total
-------------------------+-------+-------+-------++-------
Melee: War axe           |   125 |   107 |    73 ||   305
  Use: Scroll            |     5 |     5 |     2 ||    12
Armor: Scale mail        |    87 |    51 |    41 ||   179
Dodge: Dodged            |    65 |    71 |    65 ||   201
Block: Buckler           |    27 |    26 |    26 ||    79

Table legend: (Time is in decaauts)
 A = Elapsed time spent in this place.
 B = Non-inter-level travel time spent in this place.
 C = Inter-level travel time spent in this place.
 D = Time resting spent in this place.
 E = Time spent auto-exploring this place.
 F = Levels seen in this place.
 G = Mean time per level.
                   A        B        C        D        E       F      G
               +--------+--------+--------+--------+--------+-----+--------+
         Total |   4038 |   3913 |    125 |     45 |   2998 |   5 |  807.6 |
       Dungeon |   4038 |   3913 |    125 |     45 |   2998 |   5 |  807.6 |
               +--------+--------+--------+--------+--------+-----+--------+

Top non-repeatable levels by time:
     D:2: 1390 daAuts
     D:1: 1311 daAuts
     D:3: 576 daAuts
     D:5: 452 daAuts
     D:4: 307 daAuts
